 Dungeon Crawl Stone Soup version 0.29-a0-902-g0f71de6fce (webtiles) character file.

Game seed: 2760512909527412561

41759 pierdx the Unseen (level 13, 0/67 HPs)
             Began as a Spriggan Enchanter on July 24, 2022.
             Was a High Priest of Dithmenos.
             Slain by a catoblepas (25 damage)
             ... in a Gauntlet.
             The game lasted 00:42:21 (20376 turns).

pierdx the Unseen (Spriggan Enchanter)             Turns: 20376, Time: 00:42:22

Health: 0/67       AC: 11    Str:  7      XL:     13   Next: 81%
Magic:  25/32      EV: 29    Int: 15      God:    Dithmenos [*****.]
Gold:   1938       SH:  0    Dex: 18 (19) Spells: 22/40 levels left

rFire   . . .      SeeInvis +   a - +5 dagger
rCold   . . .      Faith    .   (no shield)
rNeg    . . .      Spirit   .   A - +1 steam dragon scales
rPois   .          Reflect  .   v - +2 hat {Will+}
rElec   .          Harm     .   F - +2 cloak {Stlth+}
rCorr   .          Rampage  .   (gloves unavailable)
Will    +++..      NoTele   +   (boots unavailable) Stlth **++++++++
                                i - amulet of regeneration
HPRegen 1.01/turn               b - ring of wizardry
MPRegen 0.23/turn               l - +4 ring of evasion

@: confusing by touch, wreathed by umbra, very quick
A: very small, no large weapons, unfitting armour, see invisible, speed 3, agile
1, deterioration 1, dopey 1, wild magic 1, MP-powered wands
a: Renounce Religion, Shadow Step, Shadow Form


You were in a Gauntlet.
You worshipped Dithmenos.
Dithmenos was extremely pleased with you.
You visited 3 branches of the dungeon, and saw 19 of its levels.
You also visited: Ossuary and Gauntlet.

You collected 2054 gold pieces.
You spent 116 gold pieces at shops.

Inventory:

Hand Weapons
 a - a +5 dagger (weapon)
 y - a +5 vampiric demon trident
 C - a +4 dagger
 E - a +0 quick blade
Missiles
 g - 67 poisoned darts (quivered)
 k - 6 curare-tipped darts
 n - 2 throwing nets
Armour
 v - a +2 hat of willpower (worn)
 A - +1 steam dragon scales (worn)
 F - a +2 cloak of stealth (worn)
Jewellery
 b - a ring of wizardry (left hand)
 i - an amulet of regeneration (around neck)
 l - a +4 ring of evasion (right hand)
Wands
 q - a wand of flame (30)
 s - a wand of quicksilver (14)
 z - a wand of iceblast (9)
 B - a wand of digging (10)
 G - a wand of polymorph (6)
Scrolls
 d - 4 scrolls of poison
 t - 4 scrolls of butterflies
 w - 2 scrolls of torment
 x - 4 scrolls of blinking
 J - 4 scrolls of enchant weapon
 K - 4 scrolls of identify
 L - 3 scrolls of teleportation
Potions
 c - 2 potions of invisibility
 e - 6 potions of lignification
 f - 4 potions of ambrosia
 h - a potion of berserk rage
 j - 5 potions of flight
 m - 10 potions of curing
 o - 2 potions of brilliance
 p - 2 potions of haste
 r - a potion of mutation
 u - 3 potions of heal wounds
 D - 4 potions of magic
 H - 2 potions of cancellation
 I - a potion of resistance


   Skills:
 + Level 7.1 Fighting
 + Level 9.4 Short Blades
 + Level 11.5 Dodging
 + Level 16.7 Stealth
 + Level 14.0 Spellcasting
 + Level 14.1 Hexes


You had 22 spell levels left.
You knew the following spells:

 Your Spells              Type           Power      Damage    Failure   Level
a - Ensorcelled Hibernat  Hex/Ice        82%        N/A       1%          2
b - Tukima's Dance        Hex            62%        N/A       1%          3
c - Dazzling Flash        Conj/Hex       82%        N/A       1%          3
d - Confusing Touch       Hex            62%        N/A       1%          3
e - Enfeeble              Hex            31%        N/A       9%          7

Your spell library contained the following spells:

 Spells                   Type           Power      Damage    Failure   Level
 Anguish                  Hex/Necr       20%        N/A       2%          4
 Apportation              Tloc           26%        N/A       4%          1
 Beastly Appendage        Tmut           26%        N/A       4%          1
 Magic Dart               Conj           52%        1d5       4%          1
 Necrotise                Necr           52%        1d6       4%          1
 Summon Small Mammal      Summ           52%        N/A       4%          1
 Call Imp                 Summ           13%        N/A       6%          2
 Wereblood                Tmut           13%        N/A       6%          2
 Metabolic Englaciation   Hex/Ice        20%        N/A       6%          5
 Yara's Violent Unravell  Hex/Tmut       20%        3d9       6%          5
 Ignite Poison            Fire/Tmut/Pois 13%        N/A       11%         3
 Mephitic Cloud           Conj/Pois/Air  13%        N/A       11%         3
 Spider Form              Tmut/Pois      13%        N/A       11%         3
 Airstrike                Air            6%         0-3+      32%         4
 Olgreb's Toxic Radiance  Pois           13%        N/A       32%         4
 Passage of Golubria      Tloc           13%        N/A       32%         4
 Petrify                  Tmut/Erth      13%        N/A       32%         4
 Summon Lightning Spire   Summ/Air       13%        N/A       32%         4
 Freezing Cloud           Conj/Ice/Air   6%         6-21      61%         5
 Lightning Bolt           Conj/Air       6%         1d18      61%         5
 Statue Form              Tmut/Erth      8%         N/A       98%         6
 Ozocubu's Refrigeration  Ice            6%         4d6       100%        7
 Ignition                 Fire           6%         3d4       100%        8


Dungeon Overview and Level Annotations

Branches:
Dungeon (14/15)            Temple (1/1) D:4            Lair (4/5) D:9
 Shoals (0/4) Lair:3       Spider (0/4) Lair:3          Orc (0/2) D:11
 Vaults (0/5) D:13        Ossuary (visited)         Gauntlet (1/1)
  Slime: Lair:4-5

Altars:
Ashenzari
Dithmenos
Hepliaklqana
Makhleb
Ru
Trog
Uskayaw

Shops:
D:4 ![*   D:11 (

Portals:
Trove: D:11 (give +6 demon trident)

Annotations:
D:3 3 runed translucent doors, Turbonekonecno's ghost, amateur SpEn
D:6 3 runed translucent doors, anet's ghost, novice DsNe; grizmgrazm2's ghost, novice OgTm; megeza's ghost, novice OgBe
Lair:2 2 transporters, Conn's ghost, journeyman OpFE
Lair:3 exclusion: 2 doors Gauntlet 11 transporters, 2 runed translucent doors


Innate Abilities, Weirdness & Mutations

You are very small and have problems with some larger weapons.
You are too small for most types of armour.
You have supernaturally acute eyesight. (SInv)
You cover ground extremely quickly. (Speed+++)
You are agile. (Dex +4, Str/Int -1)
Your body sometimes deteriorates upon taking damage.
You are dopey. (Int -2)
Your spells are a little harder to cast, but a little more powerful.
You expend magic power (3 MP) to strengthen your wands.


Message History

You destroy the gargoyle!
Dithmenos accepts your kill.
Casting: Confusing Touch (safe; 1% risk of failure)
Confirm with . or Enter, or press ? or * to list all spells.
Casting: Dazzling Flash (safe; 1% risk of failure)
Press: ? - help, Dir - look around, f - activate The catoblepas is dazzled.
The catoblepas breathes a plume of calcifying dust at you.
The blast of calcifying dust hits you but does no damage.
Unknown command.
Unknown command.
You strike the helpless catoblepas from behind!
You spit the catoblepas like a pig!!!
The catoblepas is heavily wounded.
The catoblepas completely misses you.
You hit the catoblepas but do no damage.
The catoblepas is heavily wounded.
You hit the catoblepas but do no damage.
The catoblepas is heavily wounded.
The catoblepas barely misses you.
You puncture the catoblepas!
The catoblepas is severely wounded.
You hit the catoblepas but do no damage.
The catoblepas is severely wounded.
The catoblepas completely misses you.
You puncture the catoblepas!
The catoblepas is severely wounded.
You hit the catoblepas but do no damage.
The catoblepas is severely wounded.
You see here a +3 flail.
Casting: Dazzling Flash (safe; 1% risk of failure)
Confirm with . or Enter, or press ? or * to list all spells.
Your hands begin to glow red.
The catoblepas is no longer blind.
The catoblepas completely misses you.
The meliai buzzes angrily.
You hit the molten gargoyle but do no damage.
Your shadow completely misses the molten gargoyle.
The molten gargoyle hits you with a +0 mace!
You are engulfed in flames!
The catoblepas gores you!!
You die...

#############
#######≈#≈#≈#≈#≈#≈###############
§#≈#≈#........§§§..#≈#≈#≈#§#§#≈#≈
.........∩..8..∩.......§.§.§.....
.....8......©......8.....8.....8.
.......###########.......©.......
####...#.99Y.##Y.#...#########...
...#...#..###.##@#...#y...y..#...
####...#.##.##.#9#...#y.####.#...
#.B#...#.#.#.#.#9#...#y#...#.#...
##.#.8.#.#.#©#...#.8.#.#.©.#.#.8§
.#.#...#.#.#.#.#.#...#.#...#.#..§
.#.#...#.#.##.##.#...#.####..#..§
.!.#...#.##.###..#...#.[?yy=y#.§§
####...##©##.....#...#########.§.
.#.....###########.....#.©.#.....


You could see a catoblepas, a molten gargoyle, a gargoyle and 3 meliai.

Vanquished Creatures
  Gastronok (Lair:1)
  A vault guard (D:13)
  2 hydras (Lair:1)
  A boulder beetle (D:11)
  An ice dragon (D:9)
  2 centaur warriors
  3 two-headed ogres
  2 tengu warriors
  Urug (D:10)
  An ugly thing (D:13)
  3 cyclopes
  2 manticores
  A merfolk siren (Lair:3)
  14 elephants
  Maurice (D:10)
  2 black mambas
  A torpor snail (Lair:2)
  6 cane toads
  3 gargoyles
  An unseen horror (D:11)
  2 kobold demonologists
  2 freezing wraiths
  An ice devil (D:12)
  3 trolls
  A hornet (D:10)
  A polar bear (Lair:1)
  3 slime creatures
  4 dream sheep (Lair:2)
  22 blink frogs
  2 wyverns
  3 culicivoras (Lair:3)
  A shadow (D:11)
  32 yaks
  Grum (Lair:1)
  A basilisk (Lair:2)
  11 vampire mosquitoes
  A steam dragon (D:7)
  A warg (D:11)
  2 acid dragons
  4 water moccasins
  Pargi (D:4)
  2 ice beasts
  3 sky beasts
  An orc warrior (D:11)
  A black bear (D:7)
  2 wolves (Lair:1)
  3 centaurs
  An ogre (D:7)
  A phantom (D:6)
  9 bullfrogs
  A necrophage (D:8)
  A gnoll sergeant (D:10)
  6 kobold brigands
  2 scorpions (D:5)
  4 water moccasin zombies (Ossuary)
  2 wights
  10 killer bees
  5 howler monkeys
  3 jellies
  6 hounds
  5 orc priests
  Terence (D:3)
  2 iguanas (D:5)
  8 orc wizards
  2 mummies (Ossuary)
  6 gnolls
  5 adders
  3 shadow imps
  2 white imps
  2 ufetubi
  2 adder zombies (Ossuary)
  A worm (D:2)
  4 dart slugs
  26 orcs
  8 ball pythons
  4 endoplasms
  6 giant cockroaches
  3 gnoll zombies (Ossuary)
  12 goblins
  4 hobgoblins
  30 kobolds
  3 quokkas
  6 bats
  3 frilled lizards (D:2)
  5 hobgoblin zombies (Ossuary)
  3 kobold zombies (Ossuary)
  5 orc zombies (Ossuary)
  10 rats
382 creatures vanquished.

Vanquished Creatures (collateral kills)
  Erica (D:8)
  A two-headed ogre (D:13)
  Sigmund (D:3)
  3 wights (D:9)
  An orc priest (D:11)
  An orc wizard (D:11)
  2 gnolls (D:10)
  2 orcs (D:11)
  4 kobolds
  2 goblins (D:11)
18 creatures vanquished.

Vanquished Creatures (others)
  11 dancing weapons
  7 fungi
  8 plants
26 creatures vanquished.

Grand Total: 426 creatures vanquished

Notes
Turn   | Place    | Note
-------+----------+-------------------------------------------
     0 | D:1      | pierdx the Spriggan Enchanter began the quest for the Orb.
     0 | D:1      | Reached XP level 1. HP: 9/9 MP: 5/5
   456 | D:1      | Reached XP level 2. HP: 5/13 MP: 7/7
   917 | D:1      | Found a faded altar of an unknown god.
  1984 | D:1      | Learned a level 2 spell: Ensorcelled Hibernation
  2162 | D:2      | Reached XP level 3. HP: 16/16 MP: 9/9
  2167 | D:2      | Learned a level 3 spell: Tukima's Dance
  2171 | D:2      | Learned a level 3 spell: Confusing Touch
  2888 | D:2      | Reached XP level 4. HP: 21/21 MP: 11/11
  2976 | D:3      | Noticed Terence
  2985 | D:3      | Killed Terence
  2986 | D:3      | Reached skill level 5 in Hexes
  3120 | D:3      | Found a runed translucent gate.
  3120 | D:3      | Found a runed translucent gate.
  3120 | D:3      | Found a runed translucent gate.
  3121 | D:3      | Noticed a kobold brigand
  3124 | D:3      | Noticed Turbonekonecno's ghost (amateur SpEn)
  3186 | D:3      | Noticed Sigmund
  3197 | D:3      | Killed Sigmund
  3198 | D:3      | Reached skill level 5 in Spellcasting
  3198 | D:3      | Reached XP level 5. HP: 10/24 MP: 7/14
  3198 | D:3      | Reached XP level 6. HP: 12/28 MP: 7/15
  3493 | D:3      | Learned a level 3 spell: Dazzling Flash
  3796 | D:4      | Found Ylasm's Distillery.
  3799 | D:4      | Bought a potion of degeneration for 10 gold pieces
  3799 | D:4      | Bought a potion of curing for 30 gold pieces
  3799 | D:4      | Bought a potion of curing for 30 gold pieces
  4065 | D:4      | Noticed Pargi
  4082 | D:4      | Killed Pargi
  4219 | D:4      | Found Soptuj's Assorted Antiques.
  4227 | D:4      | Bought 2 viscous ruby potions for 46 gold pieces
  4277 | D:4      | Reached XP level 7. HP: 32/32 MP: 18/18
  4282 | D:4      | Found a staircase to the Ecumenical Temple.
  4333 | Temple   | Entered the Ecumenical Temple
  4367 | Temple   | Became a worshipper of Dithmenos the Shadowed
  4455 | D:4      | Found Vaec's Antique Armour Shoppe.
  4740 | D:5      | Entered Level 5 of the Dungeon
  4769 | D:5      | Noticed a two-headed ogre
  5059 | D:5      | Reached skill level 5 in Stealth
  5066 | D:5      | Reached skill level 6 in Stealth
  5363 | D:5      | Reached skill level 7 in Stealth
  5366 | D:5      | Reached XP level 8. HP: 31/36 MP: 9/20
  5483 | D:5      | Reached skill level 8 in Stealth
  5714 | D:5      | Killed a two-headed ogre
  5714 | D:5      | Reached * piety under Dithmenos
  5715 | D:5      | Reached skill level 9 in Stealth
  6467 | D:6      | Reached skill level 10 in Stealth
  6491 | D:6      | Reached XP level 9. HP: 20/39 MP: 15/23
  6772 | D:6      | Found a sand-covered staircase.
  6777 | Ossuary  | Entered an ossuary
  7170 | Ossuary  | Reached ** piety under Dithmenos
  7719 | D:6      | Identified a scroll of acquirement
  7719 | D:6      | Acquired a +2 hat of willpower
  7978 | D:6      | Found a runed translucent gate.
  7978 | D:6      | Found a runed translucent gate.
  7979 | D:6      | Found a runed translucent gate.
  7982 | D:6      | Noticed grizmgrazm2's ghost (novice OgTm)
  7982 | D:6      | Noticed anet's ghost (novice DsNe)
  7983 | D:6      | Noticed megeza's ghost (novice OgBe)
  8249 | D:7      | Reached skill level 11 in Stealth
  8249 | D:7      | Reached skill level 10 in Hexes
  8271 | D:7      | Noticed a troll
  8285 | D:7      | Killed a troll
  8539 | D:7      | Reached skill level 1 in Fighting
  8539 | D:7      | Reached skill level 10 in Spellcasting
  9211 | D:8      | Noticed Erica
  9227 | D:8      | Killed Erica
  9228 | D:8      | Reached XP level 10. HP: 11/46 MP: 16/25
  9518 | D:8      | Reached *** piety under Dithmenos
  9703 | D:8      | Reached skill level 12 in Stealth
 10211 | D:9      | Reached skill level 5 in Dodging
 10516 | D:9      | Found a hide-covered altar of Uskayaw.
 10797 | D:9      | Found a staircase to the Lair.
 10811 | D:9      | Noticed a two-headed ogre
 10818 | D:9      | Killed a two-headed ogre
 10902 | D:9      | Noticed an ice dragon
 10933 | D:9      | Killed an ice dragon
 11674 | D:10     | Entered Level 10 of the Dungeon
 11725 | D:10     | Reached skill level 13 in Stealth
 11769 | D:10     | Reached **** piety under Dithmenos
 11770 | D:10     | Reached XP level 11. HP: 52/52 MP: 27/27
 11852 | D:10     | Noticed Urug
 11857 | D:10     | Killed Urug
 11858 | D:10     | Reached skill level 5 in Short Blades
 11947 | D:10     | Learned a level 7 spell: Enfeeble
 12018 | D:10     | Noticed Maurice
 12033 | D:10     | Killed Maurice
 12645 | D:11     | Found a portal to a secret trove of treasure.
 13403 | D:11     | Found a staircase to the Orcish Mines.
 13611 | D:11     | Found Ejanull's Weapon Emporium.
 13777 | D:11     | Reached skill level 14 in Stealth
 14133 | D:11     | Noticed a boulder beetle
 14140 | D:11     | Killed a boulder beetle
 14369 | D:12     | Found Nelastrukh's Book Shop.
 14595 | D:12     | Noticed a two-headed ogre
 14601 | D:12     | Killed a two-headed ogre
 14605 | D:12     | Reached skill level 5 in Fighting
 14605 | D:12     | Reached XP level 12. HP: 60/60 MP: 29/29
 14838 | D:13     | Noticed a two-headed ogre
 14855 | D:13     | Killed a two-headed ogre
 15200 | D:13     | Reached ***** piety under Dithmenos
 15443 | D:13     | Found a gate to the Vaults.
 15443 | D:13     | Noticed a vault guard
 15447 | D:13     | Noticed a centaur warrior
 15451 | D:13     | Killed a centaur warrior
 15461 | D:13     | Killed a vault guard
 15732 | D:14     | Reached skill level 15 in Stealth
 15733 | D:14     | Noticed a centaur warrior
 15739 | D:14     | Noticed a centaur warrior
 15740 | D:14     | Killed a centaur warrior
 15775 | D:14     | Noticed a tengu warrior
 15775 | D:14     | Noticed a tengu warrior
 15844 | D:14     | Killed a tengu warrior
 15860 | D:13     | Killed a tengu warrior
 16261 | Lair:1   | Entered Level 1 of the Lair of Beasts
 16315 | Lair:1   | Noticed a five-headed hydra
 16326 | Lair:1   | Noticed Grum
 16353 | Lair:1   | Killed a five-headed hydra
 16367 | Lair:1   | Killed Grum
 16718 | D:9      | Reached skill level 10 in Dodging
 16939 | Lair:1   | Noticed a four-headed hydra
 16943 | Lair:1   | Killed a four-headed hydra
 16944 | Lair:1   | Reached XP level 13. HP: 61/65 MP: 26/31
 17100 | Lair:1   | Noticed Gastronok
 17123 | Lair:1   | Killed Gastronok
 17353 | Lair:2   | Gained mutation: You are resistant to electric shocks.
                  | (rElec) [potion of mutation]
 17353 | Lair:2   | Gained mutation: Your body sometimes deteriorates upon
                  | taking damage. [potion of mutation]
 17353 | Lair:2   | Gained mutation: You are agile. (Dex +4, Str/Int -1)
                  | [potion of mutation]
 17354 | Lair:2   | Lost mutation: You are resistant to electric shocks.
                  | (rElec) [potion of mutation]
 17354 | Lair:2   | Lost mutation: You are agile. (Dex +4, Str/Int -1) [potion
                  | of mutation]
 17354 | Lair:2   | Gained mutation: Your spells are a little harder to cast,
                  | but a little more powerful. [potion of mutation]
 17354 | Lair:2   | Gained mutation: You are agile. (Dex +4, Str/Int -1)
                  | [potion of mutation]
 17354 | Lair:2   | Gained mutation: You are dopey. (Int -2) [potion of
                  | mutation]
 17354 | Lair:2   | Gained mutation: You expend magic power (3 MP) to
                  | strengthen your wands. [potion of mutation]
 17427 | Lair:2   | Reached skill level 16 in Stealth
 17683 | Lair:2   | Found a transporter.
 18119 | Lair:2   | Found a transporter.
 18167 | Lair:2   | Found a bloodstained altar of Trog.
 18174 | Lair:2   | Noticed Conn's ghost (journeyman OpFE)
 19052 | Lair:3   | Found a hole to the Spider Nest.
 19636 | Lair:3   | Found a staircase to the Shoals.
 20131 | Lair:4   | Found a gate leading to a gauntlet.
 20156 | Gauntlet | Entered a Gauntlet
 20156 | Gauntlet | Found a transporter.
 20159 | Gauntlet | Found a transporter.
 20176 | Gauntlet | Found a transporter.
 20179 | Gauntlet | Found a transporter.
 20195 | Gauntlet | Found a transporter.
 20209 | Gauntlet | Found a transporter.
 20210 | Gauntlet | Found a runed translucent door.
 20214 | Gauntlet | Found a transporter.
 20224 | Gauntlet | Found a runed translucent door.
 20241 | Gauntlet | Found a transporter.
 20248 | Gauntlet | Found a transporter.
 20249 | Gauntlet | Found a transporter.
 20249 | Gauntlet | Found a transporter.
 20249 | Gauntlet | Noticed an entropy weaver
 20258 | Gauntlet | Found a transporter.
 20352 | Gauntlet | Identified the ring "Wiezon" {Fire rCorr Str+8 Dex+7}
 20358 | Gauntlet | Acquired 1074 gold pieces
 20376 | Gauntlet | Slain by a catoblepas

Illustrated notes

Levels and vault maps discovered:
D:1:      amcnicky_arrival_wind_blow, layout_loops_ring,
          nicolae_ecumenical_lake_church, chequers_serial_rivers_micro_c,
          minmay_misc_feat_pillars
D:2:      minmay_razor_zed, layout_rooms, kennysheep_big_empty_room,
          st_stairs_14, minmay_misc_feat_cross
D:3:      layout_rooms, gammafunk_ghost_nasty_kobolds, uniq_sigmund,
          uniq_terence
D:4:      layout_basic, minmay_temple_entry_purple_smoke, serial_shops,
          nicolae_shop_competitors_out_of_business, nicolae_lakefront_shop,
          kennysheep_mini_moat, uniq_pargi
D:5:      nicolae_cairo_tiling_large, layout_loops_ring
D:6:      layout_loops_ring, nicolae_ossuary_entry_false_entrances,
          gammafunk_ghost_cemetery
D:7:      layout_basic
D:8:      layout_basic, chequers_serial_rivers_room_b, uniq_erica
D:9:      dragon1_lemuel, layout_layer_cave, nicolae_uskayaw_dance_hall,
          lair_entry_dummy
D:10:     layout_rooms, uniq_urug, uniq_maurice
D:11:     layout_loops_ring, erik_orc_4, enter_trove_3, serial_shops,
          nicolae_shop_waterfront
D:12:     layout_basic, serial_shops, shop, hellmonk_guarded_unrand_frostbite
D:13:     layout_roguey, david_vaults_5
D:14:     layout_cross, chequers_serial_rivers_micro_d
Temple:   mainiacjoe_temple_archimedes_tessellation
Lair:1:   layout_hall_layers, serial_bayou_shore_b, uniq_gastronok, uniq_grum
Lair:2:   layout_chaotic_city, gammafunk_ghost_wrathful_warriors,
          chequers_serial_rivers_small_a
Lair:3:   layout_layer_cave, minmay_shoals_entry_lonely_mermaid,
          hellmonk_spider_entry_life_and_decay, portal_ice_cave_demonic_guard
Lair:4:   layout_concentric_octagons, gauntlet_entry_generic,
          beast_lair_carwin_2, grunt_megastairs_2, infiniplex_staircase_pool_2,
          serial_bayou_shore_b
Gauntlet: minmay_gauntlet_mixed_oops_all_seconds [minmay_gauntlet_arena_77_box,
          gammafunk_gauntlet_arena_spirals, minmay_gauntlet_arena_77_mirror,
          gammafunk_gauntlet_arena_grid, minmay_gauntlet_arena_77_shame_cube,
          gammafunk_gauntlet_arena_chambers,
          nicolae_gauntlet_exit_dead_adventurers]

Skill      XL: |  1  2  3  4  5  6  7  8  9 10 11 12 13 |
---------------+----------------------------------------+-----
Spellcasting   | 3 4 5 6 7 9 10 11 12 13 14 | 14.0
Hexes          | 4 6 7 8 9 10 11 12 13 14 | 14.1
Stealth        | 7 10 11 13 14 15 16 | 16.7
Dodging        | 4 6 8 10 11 | 11.5
Fighting       | 2 3 5 6 7 |  7.1
Short Blades   | 3 4 6 8 9 |  9.4

Action                   |  1- 3 |  4- 6 |  7- 9 | 10-12 | 13-15 || total
-------------------------+-------+-------+-------+-------+-------++-------
Melee: Dagger            |   119 |    74 |   244 |   434 |   289 ||  1160
       Punch             |       |       |     4 |     8 |     5 ||    17
 Cast: Ensorcelled Hiber |     4 |    12 |    55 |   109 |    46 ||   226
       Tukima's Dance    |       |     3 |     7 |    37 |       ||    47
       Confusing Touch   |       |     1 |    11 |    18 |     5 ||    35
       Dazzling Flash    |       |       |       |    11 |    36 ||    47
Invok: Shadow Step       |       |       |       |     3 |     2 ||     5
Evoke: Wand              |       |       |     1 |     9 |       ||    10
  Use: Scroll            |    12 |     2 |    11 |    11 |     3 ||    39
       Potion            |       |       |     2 |     5 |     6 ||    13
 Stab: Sleeping          |    14 |    13 |    50 |    93 |    39 ||   209
       Confused          |       |       |     6 |    10 |     5 ||    21
       Invisible         |       |       |       |    12 |    32 ||    44
       Distracted        |       |       |       |     4 |     1 ||     5
Armor: Robe              |     8 |     8 |    24 |       |       ||    40
       Steam dragon scal |       |       |     3 |    67 |    28 ||    98
Dodge: Dodged            |    92 |    57 |   156 |   517 |   364 ||  1186

Table legend: (Time is in decaauts)
 A = Elapsed time spent in this place.
 B = Non-inter-level travel time spent in this place.
 C = Inter-level travel time spent in this place.
 D = Time resting spent in this place.
 E = Time spent auto-exploring this place.
 F = Levels seen in this place.
 G = Mean time per level.
                   A        B        C        D        E       F      G
               +--------+--------+--------+--------+--------+-----+--------+
         Total |  15476 |  15043 |    433 |   2313 |   9689 |  21 |  737.0 |
       Dungeon |  12156 |  11812 |    344 |   1955 |   7665 |  14 |  868.3 |
        Temple |     38 |     21 |     17 |      0 |     16 |   1 |   38.0 |
          Lair |   2665 |   2593 |     72 |    223 |   1726 |   4 |  666.2 |
       Ossuary |    480 |    480 |      0 |    135 |    180 |   1 |  480.0 |
      Gauntlet |    135 |    135 |      0 |      0 |    100 |   1 |  135.0 |
               +--------+--------+--------+--------+--------+-----+--------+

Top non-repeatable levels by time:
     D:1: 1622 daAuts
     D:5: 1235 daAuts
    D:11: 1129 daAuts
     D:8: 1092 daAuts
     D:9: 1035 daAuts
  Lair:3: 968 daAuts
     D:6: 921 daAuts
    D:13: 914 daAuts
    D:10: 909 daAuts
  Lair:1: 892 daAuts
     D:4: 890 daAuts
  Lair:2: 747 daAuts
     D:2: 738 daAuts
     D:3: 566 daAuts
     D:7: 520 daAuts
